AoeStats
← xNightWolfx5935

Hideout

503261911Analyzed
4v4 RM · 1mo ago on Aug 30, 2026· 85m 1s· 8 players
Game mode
Random Map
Map size
Large (8 player)
Population
200
Speed
Normal
Resources
Standard
Victory
Conquest
Starting age
Dark Age
Ending age
Imperial Age
RankedLock teamsTeams togetherTeam positionsShared explorationLock speedFull tech treeHidden civsTurbo modeCheats
Victory
Defeat
🇧🇷 Franks · Brazil
865
+16
🇺🇸 Celts · United States
863
+16
🇧🇷 Spanish · Brazil
836
+18
🇺🇸 Khmer · United States
798
+19
🇦🇷 Bohemians · Argentina
894
-18
🇺🇸 Ethiopians · United States
888
-18
🇺🇸 Khmer · United States
858
-17
🇲🇽 Jurchens · Mexico
854
-17
The Pooper
7:27 Loom
12:52 Feudal Age
14:11 Wheelbarrow
13:26 Double-Bit Axe
14:46 Horse Collar
15:15 Town Watch
20:23 Castle Age
18:18 Gold Mining
19:16 Stone Mining
23:16 Hand Cart
23:03 Town Patrol
23:35 Bow Saw
27:22 Imperial Age
25:57 Gold Shaft Mining
25:44 Heavy Plow
31:09 Stone Shaft Mining
31:10 Crop Rotation
35:58 Heavy Scorpion
38:36 Double Crossbow
39:20 Padded Archer Armor
41:57 Forging
41:50 Fletching
62:09 Elite Battle Elephant
72:21 Scale Barding Armor
75:41 Caravan
ERIKXG20
0:42 Loom
2:47 Loom
11:26 Feudal Age
14:06 Double-Bit Axe
17:59 Forging
21:24 Castle Age
20:22 Gold Mining
20:17 Horse Collar
21:38 Scale Mail Armor
22:39 Stone Mining
23:21 Squires
24:46 Iron Casting
28:21 Chain Mail Armor
28:31 Arson
32:04 Imperial Age
33:41 Wheelbarrow
35:31 Blast Furnace
35:43 Bow Saw
37:20 Elite Fire Lancer
38:40 Treadmill Crane
40:27 Gold Shaft Mining
41:09 Hoardings
40:23 Gambesons
40:47 Town Watch
44:11 Elite Iron Pagoda
46:51 Hand Cart
48:03 Thunderclap Bombs
47:58 Fortified Bastions
49:13 Two-Man Saw
48:25 Heavy Rocket Cart
51:04 Coinage
52:55 Conscription
53:19 Town Patrol
54:23 Chemistry
53:44 Ballistics
53:35 Masonry
53:22 Fletching
56:54 Scale Barding Armor
57:08 Thunderclap Bombs
56:29 Sappers
58:10 Light Cavalry
58:51 Husbandry
59:02 Bloodlines
59:08 Caravan
59:51 Heavy Plow
59:26 Hussar
65:21 Crop Rotation
71:02 Stone Shaft Mining
72:10 Chain Barding Armor
71:46 Bodkin Arrow
75:52 Plate Barding Armor
75:19 Bracer
76:42 Fervor
80:35 Fortified Wall
80:56 Architecture
80:22 Murder Holes
mholton14
11:41 Feudal Age
12:18 Double-Bit Axe
15:12 Fletching
20:42 Castle Age
18:38 Gold Mining
20:18 Padded Archer Armor
21:00 Horse Collar
21:22 Bodkin Arrow
20:50 Crossbowman
22:27 Wheelbarrow
23:25 Gold Shaft Mining
23:08 Leather Archer Armor
22:57 Scale Mail Armor
23:40 Caravan
24:53 Chain Mail Armor
27:03 Hand Cart
26:56 Squires
27:56 Bow Saw
28:01 Heavy Plow
29:17 Thumb Ring
30:39 Forging
33:18 Iron Casting
36:02 Fortified Wall
36:44 Masonry
36:51 Leather Archer Armor
46:20 Imperial Age
46:24 Arbalester
46:47 Elite Shotel Warrior
47:49 Conscription
51:10 Chemistry
50:31 Ballistics
51:45 Bracer
53:09 Royal Heirs
53:44 Plate Mail Armor
56:12 Town Watch
56:13 Loom
57:09 Arson
72:04 Blast Furnace
71:35 Ring Archer Armor
72:13 Heavy Scorpion
72:58 Torsion Engines
75:03 Capped Ram
Healthy girl
11:23 Feudal Age
12:35 Man-at-Arms
13:34 Loom
17:21 Castle Age
16:11 Scale Mail Armor
17:24 Forging
26:46 Double-Bit Axe
32:58 Imperial Age
32:02 Wheelbarrow
33:24 Chemistry
34:06 Ballistics
34:04 Siege Engineers
34:28 Caravan
35:44 Iron Casting
35:40 Fletching
36:08 Long Swordsman
36:09 Pikeman
36:34 Arson
38:23 Bow Saw
39:16 Blast Furnace
xNightWolfx5935
0:58 Loom
14:58 Feudal Age
15:51 Gold Mining
15:47 Double-Bit Axe
15:44 Horse Collar
17:07 Wheelbarrow
19:40 Stone Mining
22:17 Castle Age
23:25 Hand Cart
23:21 Bow Saw
23:50 Gold Shaft Mining
24:16 Heavy Plow
26:25 Stone Shaft Mining
29:22 Caravan
29:52 Coinage
33:47 Imperial Age
35:46 Crop Rotation
38:15 Banking
42:22 Double Crossbow
42:23 Tusk Swords
44:45 Bloodlines
44:35 Husbandry
43:56 Elite Battle Elephant
48:20 Elite Ballista Elephant
52:35 Forging
52:15 Fletching
52:26 Padded Archer Armor
52:26 Scale Mail Armor
52:31 Scale Barding Armor
53:40 Chemistry
52:52 Fortified Wall
52:38 Murder Holes
58:08 Iron Casting
57:29 Bodkin Arrow
80:26 Conscription
DryDOM511
10:28 Feudal Age
14:33 Loom
18:42 Castle Age
17:53 Double-Bit Axe
20:01 Forging
22:15 Horse Collar
27:31 Scale Mail Armor
31:29 Heavy Plow
32:59 Arson
34:18 Bow Saw
37:54 Iron Casting
41:53 Imperial Age
39:41 Chain Mail Armor
40:13 Ballistics
41:08 Wheelbarrow
41:27 Caravan
41:21 Town Watch
41:56 Onager
43:02 Furor Celtica
45:31 Plate Mail Armor
45:37 Hand Cart
49:22 Siege Onager
51:06 Stronghold
57:01 Elite Woad Raider
59:18 Blast Furnace
59:45 Elite Skirmisher
60:45 Padded Archer Armor
60:07 Pikeman
61:36 Capped Ram
63:38 Chemistry
62:02 Halberdier
65:45 Siege Ram
67:20 Fletching
76:43 Bodkin Arrow
77:00 Siege Engineers
80:18 Leather Archer Armor
82:16 Ring Archer Armor
dunada04
1:44 Loom
13:12 Feudal Age
24:11 Castle Age
22:39 Double-Bit Axe
22:40 Horse Collar
24:09 Wheelbarrow
23:58 Padded Archer Armor
23:49 Fletching
25:46 Leather Archer Armor
25:26 Bodkin Arrow
26:27 Stone Mining
26:50 Heavy Plow
27:17 Bow Saw
33:52 Gold Mining
53:11 Imperial Age
53:13 Light Cavalry
55:00 Chemistry
54:07 Scale Barding Armor
54:15 Forging
54:08 Hussar
54:58 Bloodlines
55:57 Chain Barding Armor
56:14 Iron Casting
58:54 Blast Furnace
58:29 Plate Barding Armor
59:49 Ring Archer Armor
59:19 Bracer
62:45 Cavalier
64:50 Scale Mail Armor
64:30 Paladin
75:12 Capped Ram
S.O.L.D.I.E.R
12:30 Feudal Age
17:36 Castle Age
21:53 Forging
26:24 Wheelbarrow
26:47 Double-Bit Axe
29:30 Hand Cart
33:33 Imperial Age
32:37 Stone Mining
32:37 Gold Mining
35:41 Man-at-Arms
36:06 Gambesons
37:06 Scale Mail Armor
36:59 Long Swordsman
38:02 Husbandry
38:28 Two-Handed Swordsman
40:38 Champion
43:11 Iron Casting
44:57 Scale Barding Armor
46:26 Cavalier
48:52 Blast Furnace
48:07 Chain Mail Armor
57:11 Plate Mail Armor
57:01 Chain Barding Armor
58:10 Chemistry
60:36 Light Cavalry
63:01 Pikeman
63:42 Squires
74:59 Elite Skirmisher
83:48 Halberdier
Connection lost

Rejoining the realm…

Still unreachable

The connection could not be restored.

Session expired

The server has moved on; the page needs a fresh start.